 Dungeon Crawl Stone Soup version 0.30.0-19-g36f170ea60 (webtiles) character file.

Game seed: 16834201373137818746

278604 javelincjr the Warrior (level 21, -1/162 HPs)
             Began as a Djinni Conjurer on May 25, 2023.
             Was the Champion of Qazlal.
             Slain by a rockslime (26 damage)
             ... on level 4 of the Pits of Slime on May 26, 2023.
             The game lasted 05:45:14 (32842 turns).

javelincjr the Warrior (Djinni Conjurer)           Turns: 32842, Time: 05:45:16

Health: -1/162     AC: 16    Str: 17    XL:     21   Next: 29%
Gold:   1977       EV: 13    Int: 37    God:    Qazlal [******] SH: 27 Dex: 10

rFire   + + .        A - +9 long sword "Pirphemn" {speed, Str+5}
rCold   + + .        x - +1 tower shield {AC+3}
rNeg    . . .        X - +4 troll leather armour
rPois   ∞            L - +2 hat {Int+3}
rElec   .            g - scarf {rC+ rF+}
rCorr   +            i - +0 pair of gloves "Kaodet" {Int+3}
SInv    .            (boots unavailable)
Will    ++...        v - amulet of reflection
Stlth   +            O - ring of resist corrosion
HPRegen 1.27/turn    u - ring "Oxoc" {Ice Str+2 Int+6 Dex-4}
MPRegen 0.00/turn

%: repel missiles, reflection, clarity, infuse magic (-2 HP)
@: protected from cold, flying
A: sickness immunity, fire resistance 2, cold vulnerability 1, float, innate
caster, HP casting, extra vitality 1, horns 2, clarity, no potion heal 1,
MP-powered wands
}: 2/15 runes: serpentine, barnacled
a: Renounce Religion, Upheaval, Elemental Force, Disaster Area


You were on level 4 of the Pits of Slime.
You worshipped Qazlal.
Qazlal was exalted by your worship.
You visited 7 branches of the dungeon, and saw 35 of its levels.

You collected 2893 gold pieces.
You spent 916 gold pieces at shops.

Inventory:

Hand Weapons
 a - the +9 shortbow "Orb Guardian's Doom" {antimagic, Int+6 Dex+6}
   (You found it on level 1 of the Lair of Beasts)

   Int:       It affects your intelligence (+6).
   Dex:       It affects your dexterity (+6).
 A - the +9 long sword "Pirphemn" (weapon) {speed, Str+5}
   (You found it on level 11 of the Dungeon)

   Str:       It affects your strength (+5).
Armour
 g - a scarf of resistance (worn)
 i - the +0 pair of gloves "Kaodet" (worn) {Int+3}
   (You acquired it on level 10 of the Dungeon)

   Int:       It affects your intelligence (+3).
 x - a +1 tower shield of protection (worn)
 L - a +2 hat of intelligence (worn)
 X - a +4 troll leather armour (worn)
Jewellery
 u - the ring "Oxoc" (right hand) {Ice Str+2 Int+6 Dex-4}
   (You took it off a merfolk impaler on level 2 of the Shoals)

   [ring of ice]

   It enhances your ice magic.
   Str:       It affects your strength (+2).
   Int:       It affects your intelligence (+6).
   Dex:       It affects your dexterity (-4).
   rF:        It makes you vulnerable to fire.
   rC:        It protects you from cold.
 v - an amulet of reflection (around neck)
 O - a ring of resist corrosion (left hand)
Wands
 p - a wand of iceblast (24)
 w - a wand of paralysis (23)
 E - a wand of mindburst (27)
 I - a wand of quicksilver (10)
 N - a wand of flame (54)
 Y - a wand of digging (2)
Scrolls
 c - 8 scrolls of vulnerability
 h - 14 scrolls of identify
 j - 5 scrolls of blinking
 k - 13 scrolls of teleportation
 q - 4 scrolls of immolation
 t - a scroll of summoning
 y - a scroll of silence
 z - 4 scrolls of fog
 C - 3 scrolls of fear
 F - 5 scrolls of poison
 G - 9 scrolls of magic mapping
 R - a scroll of enchant armour
 W - 6 scrolls of enchant weapon
Potions
 d - a potion of ambrosia
 f - 2 potions of resistance
 l - 2 potions of haste
 m - 9 potions of curing
 s - 5 potions of brilliance
 B - 4 potions of mutation
 D - 3 potions of cancellation
 J - 8 potions of might
 K - 3 potions of invisibility
 M - 4 potions of lignification
 Q - a potion of heal wounds
 T - a potion of berserk rage
Miscellaneous
 e - a lightning rod (4/4)
 n - a condenser vane
 Z - a phantom mirror


   Skills:
 * Level 17.8 Fighting
 - Level 5.6 Short Blades
 - Level 2.9 Staves
 * Level 11.3 Ranged Weapons
 + Level 11.8 Armour
 + Level 14.2 Dodging
 - Level 8.4 Stealth
 - Level 6.1 Shields
 * Level 14.5 Spellcasting
 - Level 10.3 Invocations


You knew the following spells:

 Your Spells              Type           Power      Damage    Failure   Level
a - Magic Dart            Conj           100%       1d8       1%          1
b - Searing Ray           Conj           100%       2d8       1%          2
c - Dazzling Flash        Conj/Hex       100%       N/A       1%          3
d - Fulminant Prism       Conj/Hex       47%        3d20      1%          4
e - Iskenderun's Mystic   Conj/Tloc      94%        2d18      1%          4
f - Slow                  Hex            100%       N/A       1%          1
g - Scorch                Fire           100%       2d9       1%          2
h - Vampiric Draining     Necr           94%        2d12      1%          3
i - Olgreb's Toxic Radia  Pois           94%        N/A       1%          4
j - Lee's Rapid Deconstr  Erth           47%        3d22*     1%          5
k - Fireball              Conj/Fire      47%        3d19      1%          5
l - Dispersal             Tloc           47%        N/A       4%          6
m - Dragon Form           Tmut           47%        N/A       26%         7
n - Starburst             Conj/Fire      47%        6d13      4%          6
o - Malign Gateway        Summ/Tloc      47%        N/A       26%         7
Your spell library was empty.

Dungeon Overview and Level Annotations

Branches:
Dungeon (15/15)            Temple (1/1) D:5            Lair (5/5) D:9
 Shoals (4/4) Lair:3        Snake (4/4) Lair:3        Slime (4/5) Lair:4
    Orc (2/2) D:12            Elf (0/3) Orc:2        Vaults (0/5) D:13
 Depths (0/4) D:15

Altars:
Ashenzari
Cheibriados
Dithmenos
Elyvilon
Fedhas
Gozag
Hepliaklqana
Makhleb
Nemelex Xobeh
Okawaru
Qazlal
Ru
Trog
Uskayaw
Wu Jian
Xom
Yredelemnul
Zin
The Shining One

Shops:
D:8 (   Orc:2 *[(:   Snake:2 =::   Snake:4 *

Portals:
Trove: D:12 (give 3 potions of resistance)


Innate Abilities, Weirdness & Mutations

You are immune to sickness and miasma.
You are immune to poison.
Your flesh is very heat resistant. (rF++)
You are vulnerable to cold. (rC-)
You float through the air rather than walking.
You learn spells naturally, not from books.
Your magical power is your life essence.
You have superior vitality. (+4 MHP)
You have a pair of horns on your head.
You possess an exceptional clarity of mind.
Potions are less effective at restoring your health.
You expend health (3 HP) to strengthen your wands.


Message History

An eldritch tentacle segment comes into view.
Blink to where?
Press: ? - help, Dir - move target
As you read the scroll of blinking, it crumbles to dust.
A rockslime comes into view.
Your system partially rejects the healing.
You feel much better.
Casting: Iskenderun's Mystic Blast (safe; 1% risk of failure)
Confirm with . or Enter, or press ? or * to list all spells.
You erupt in a blast of force!
The mystic blast hits the rockslime!
The rockslime is lightly wounded.
The rockslime is knocked back by the mystic blast.
The acid blob spits acid at you.
You block splash of acid... and reflect it back!
The splash of acid hits the acid blob.
The acid blob completely resists.
You block the rockslime's attack. The rockslime attacks as you move away!
The rockslime hits you!!
* * * LOW HITPOINT WARNING * * *
Found a stone staircase leading up.
The azure jelly is engulfed in freezing vapours.
Casting: Iskenderun's Mystic Blast (safe; 1% risk of failure)
Confirm with . or Enter, or press ? or * to list all spells.
You erupt in a blast of force!
The mystic blast hits the rockslime but does no damage.
The rockslime is lightly wounded.
* * * LOW HITPOINT WARNING * * *
You block the rockslime's attack.
Casting: Iskenderun's Mystic Blast (safe; 1% risk of failure)
Confirm with . or Enter, or press ? or * to list all spells.
You erupt in a blast of force!
The mystic blast hits the azure jelly!
The azure jelly is moderately wounded.
The azure jelly is knocked back by the mystic blast.
The azure jelly collides with the acid blob!
The acid blob is lightly wounded.
The azure jelly is moderately wounded.
The mystic blast hits the rockslime but does no damage.
The rockslime is lightly wounded.
* * * LOW HITPOINT WARNING * * *
You block the rockslime's attack. The rockslime hits you!!
You die...

... #..### ....#.# #
.......## .
........#### .#
.....§☼....##.###
......○.○§.......
.......@○.§......
..#..☼§J○°....#..
......§°............
.....##................
.....##................
..<....#....J......#...
.............J.........
...#.#.#..........>....
##...##....Λ........


You could see an acid blob, an azure jelly and a rockslime.

Vanquished Creatures
  Saint Roka (Orc:2)
  Vashnia (Snake:2)
  A tentacled monstrosity (Shoals:2)
  Jorgrun (D:15)
  Gastronok (Lair:2)
  7 acid blobs
  2 krakens
  Kirke (Lair:4)
  Frances (D:14)
  4 azure jellies
  2 nagarajas (Snake:4)
  Ilsuiw (Shoals:3)
  2 rockslimes
  Donald (Snake:2)
  A frost giant (Shoals:4)
  Louise (Snake:3)
  The ghost of Loveship the Summoner, a journeyman DsCA of Jiyva (Orc:2)
  An orc warlord (Orc:2)
  A stone giant (D:15)
  A stone giant (shapeshifter) (D:15)
  Snorg (Lair:4)
  21 merfolk impalers
  6 merfolk javelineers
  2 great orbs of eyes
  10 hydras
  8 vault guards (D:13)
  Fannar (D:10)
  An ogre mage (D:15)
  4 salamander tyrants (Snake:4)
  7 merfolk avatars
  4 merfolk aquamancers
  5 centaur warriors
  2 catoblepae
  11 two-headed ogres
  15 anacondas
  6 boulder beetles
  2 satyrs (Shoals:4)
  3 tengu warriors
  17 naga warriors
  8 shock serpents
  11 death yaks (Lair:3)
  3 orc high priests (Orc:2)
  27 naga sharpshooters
  Urug (D:10)
  9 skysharks
  6 salamander mystics
  9 sea snakes
  A deep troll (D:15)
  A kraken simulacrum (Shoals:4)
  9 naga ritualists
  7 orc knights (Orc:2)
  27 harpies
  Pikel (D:7)
  A wizard (D:14)
  2 necromancers (D:15)
  A deep elf zephyrmancer (Orc:2)
  A deep elf pyromancer (Orc:2)
  15 manticores
  9 mana vipers
  10 ugly things
  6 elephants
  5 shining eyes
  9 fauns
  10 cyclopes
  38 salamanders
  3 orc sorcerers (Orc:2)
  2 apocalypse crabs (Shoals:2)
  39 black mambas
  8 guardian serpents
  8 water nymphs
  15 merfolk sirens
  18 naga magi
  4 torpor snails
  An eye of devastation (Slime:2)
  5 unseen horrors
  7 cane toads
  3 kobold demonologists
  7 komodo dragons
  Psyche (D:8)
  5 rime drakes
  5 trolls
  4 hornets
  31 merfolk
  9 wind drakes
  3 polar bears
  9 blink frogs
  13 snapping turtles
  9 dream sheep
  56 slime creatures
  6 water elementals
  3 shadows
  Sigmund (D:3)
  6 wyverns
  5 wraiths
  A vampire (D:12)
  37 yaks
  Grum (D:11)
  4 basilisks
  3 golden eyes (Slime:3)
  A hog (Lair:4)
  3 steam dragons
  8 vampire mosquitoes
  4 wargs (Orc:2)
  40 nagas
  2 acid dragons
  Duvessa (D:4)
  19 water moccasins
  30 orc warriors
  A swamp drake (Orc:2)
  A black bear (D:7)
  3 ice beasts (D:6)
  A sky beast (D:7)
  A black bear (shapeshifter) (D:15)
  4 ogres
  29 wolves
  14 centaurs
  A lemure (D:7)
  3 phantoms
  3 kobold brigands
  2 gnoll sergeants
  21 bullfrogs
  3 scorpions
  A wight (D:10)
  Dowan (D:4)
  22 killer bees
  4 howler monkeys
  5 electric eels
  A crimson imp (Orc:2)
  A lava snake (Snake:4)
  A jelly (D:6)
  4 hounds
  16 orc priests
  An iron imp (Orc:2)
  2 iguanas
  19 orc wizards
  2 sleepcaps
  6 hell rats (Lair:4)
  13 gnolls
  7 adders
  3 shadow imps
  3 white imps
  3 dart slugs
  A worm (D:3)
  68 orcs
  6 endoplasms
  7 giant cockroaches
  9 goblins
  4 hobgoblins
  13 kobolds
  3 quokkas
  2 training dummies (D:4)
  8 ball pythons
  6 bats
  2 frilled lizards
  8 rats
  A fulminant prism (D:15)
  A tentacle (Shoals:3)
1166 creatures vanquished.

Vanquished Creatures (collateral kills)
  A salamander mystic (Snake:2)
  A slime creature (Slime:4)
2 creatures vanquished.

Vanquished Creatures (others)
  2 manticores
  A salamander (Snake:2)
  A human (Lair:4)
  An orc (Orc:2)
  69 fulminant prisms
  17 tentacles
91 creatures vanquished.

Grand Total: 1259 creatures vanquished

Notes
Turn   | Place    | Note
-------+----------+-------------------------------------------
     0 | D:1      | javelincjr the Djinni Conjurer began the quest for the Orb.
     0 | D:1      | javelincjr set off with the following spells memorised:
                  | Magic Dart, Searing Ray, Dazzling Flash, Fulminant Prism,
                  | Iskenderun's Mystic Blast.
     0 | D:1      | Reached XP level 1. HP: 15/15 MP: 0/0
   255 | D:1      | Reached XP level 2. HP: 18/21 MP: 0/0
   307 | D:1      | Found a faded altar of an unknown god.
   692 | D:1      | Reached XP level 3. HP: 24/25 MP: 0/0
   692 | D:1      | Learned a level 1 spell: Slow
  1369 | D:2      | Reached skill level 1 in Fighting
  1369 | D:2      | Reached XP level 4. HP: 29/32 MP: 0/0
  1509 | D:2      | Identified the +1 robe "Zeoliatz" {rC+ Int+3}
  1749 | D:3      | Noticed Sigmund
  1811 | D:3      | Found an opulent altar of Gozag.
  1882 | D:3      | Killed Sigmund
  1883 | D:3      | Reached skill level 2 in Fighting
  1883 | D:3      | Reached XP level 5. HP: 33/39 MP: 0/0
  1883 | D:3      | Learned a level 2 spell: Scorch
  1883 | D:3      | Reached XP level 6. HP: 39/45 MP: 0/0
  2109 | D:3      | Found an ornate altar of the Wu Jian Council.
  2398 | D:4      | Found a burning altar of Makhleb.
  2446 | D:4      | Identified the +0 helmet "Jupnocotz" {Str+2 Dex+3}
  2476 | D:4      | Found a shadowy altar of Dithmenos.
  2633 | D:4      | Reached skill level 3 in Fighting
  2729 | D:4      | Noticed Duvessa
  2729 | D:4      | Noticed Dowan
  2737 | D:4      | Killed Dowan
  2738 | D:4      | Reached XP level 7. HP: 43/50 MP: 0/0
  2738 | D:4      | Learned a level 3 spell: Vampiric Draining
  2743 | D:4      | Killed Duvessa
  2962 | D:5      | Entered Level 5 of the Dungeon
  3174 | D:5      | Noticed a steam dragon
  3189 | D:5      | Killed a steam dragon
  3190 | D:5      | Reached skill level 4 in Fighting
  3190 | D:5      | Reached XP level 8. HP: 30/58 MP: 0/0
  3442 | D:5      | Reached skill level 5 in Spellcasting
  3598 | D:5      | Found a staircase to the Ecumenical Temple.
  3607 | Temple   | Entered the Ecumenical Temple
  3646 | Temple   | Became a worshipper of Qazlal Stormbringer
  4185 | D:6      | Reached skill level 5 in Fighting
  4208 | D:6      | Reached skill level 5 in Dodging
  4255 | D:6      | Found a glowing silver altar of Zin.
  4339 | D:6      | Reached XP level 9. HP: 65/65 MP: 0/0
  4339 | D:6      | Learned a level 4 spell: Olgreb's Toxic Radiance
  5220 | D:7      | Reached skill level 6 in Fighting
  5223 | D:7      | Reached * piety under Qazlal
  5236 | D:7      | Identified the staff of poison "Ficsukew" {rPois Int+3
                  | Dex-3 SInv}
  5423 | D:7      | Reached skill level 5 in Stealth
  5443 | D:7      | Reached skill level 7 in Fighting
  5619 | D:7      | You are sucked into a shaft and drop 3 floors!
  5619 | D:10     | Entered Level 10 of the Dungeon
  5643 | D:10     | Reached XP level 10. HP: 66/75 MP: 0/0
  5835 | D:7      | Noticed Pikel
  5891 | D:7      | Killed Pikel
  5892 | D:7      | Reached skill level 1 in Staves
  5892 | D:7      | Reached skill level 1 in Armour
  5892 | D:7      | Reached skill level 1 in Invocations
  6182 | D:7      | Found an iron altar of Okawaru.
  6405 | D:7      | Found a hazy altar of Hepliaklqana.
  6408 | D:7      | Found a snail-covered altar of Cheibriados.
  6418 | D:7      | Found a shimmering altar of Xom.
  6625 | D:8      | Found Seonkua's Antique Weapon Shoppe.
  6731 | D:8      | Reached ** piety under Qazlal
  6843 | D:8      | Found a large runed translucent door.
  6845 | D:8      | Found a large runed translucent door.
  6847 | D:8      | Noticed a five-headed hydra
  6855 | D:8      | Found a large runed translucent door.
  6855 | D:8      | Found a large runed translucent door.
  6891 | D:8      | Noticed an unseen horror
  6907 | D:8      | Killed an unseen horror
  6908 | D:8      | Reached skill level 8 in Fighting
  7034 | D:8      | Identified the +0 scale mail "Xagapeu" {rCorr Stlth+}
  7070 | D:8      | Noticed Psyche
  7074 | D:8      | Killed Psyche
  7261 | D:8      | Found a broken altar of Ashenzari.
  7261 | D:8      | Found a basalt altar of Yredelemnul.
  7269 | D:8      | Found a faded altar of an unknown god.
  7271 | D:8      | Found a faded altar of an unknown god.
  7351 | D:8      | Reached XP level 11. HP: 76/81 MP: 0/0
  7351 | D:8      | Learned a level 5 spell: Lee's Rapid Deconstruction
  7981 | D:8      | Killed a five-headed hydra
  8342 | D:9      | Identified the +11 short sword of Opaw {heavy, rF- Int+3
                  | Dex+3}
  8551 | D:9      | Found a staircase to the Lair.
  9124 | D:10     | Found a blossoming altar of Fedhas.
  9204 | D:10     | Identified a scroll of acquirement
  9204 | D:10     | Acquired the +0 pair of gloves "Kaodet" {Int+3}
  9419 | D:10     | Identified the +2 hand axe "Furux" {holy, Int+3}
  9419 | D:10     | Noticed Fannar
  9423 | D:10     | Killed Fannar
  9424 | D:10     | Reached skill level 9 in Fighting
  9424 | D:10     | Reached skill level 1 in Short Blades
  9430 | D:10     | Noticed a two-headed ogre
  9446 | D:10     | Killed a two-headed ogre
  9447 | D:10     | Reached skill level 1 in Shields
  9476 | D:10     | Reached *** piety under Qazlal
  9485 | D:10     | Noticed a boulder beetle
  9497 | D:10     | Killed a boulder beetle
  9645 | D:10     | Reached XP level 12. HP: 83/89 MP: 0/0
  9664 | D:10     | Noticed a seven-headed hydra
  9669 | D:10     | Killed a seven-headed hydra
 10023 | D:10     | Noticed Urug
 10030 | D:10     | Killed Urug
 10231 | Temple   | Gained mutation: You have hidden genetic potential. [potion
                  | of mutation]
 10406 | D:11     | Noticed a two-headed ogre
 10412 | D:11     | Killed a two-headed ogre
 10561 | D:11     | Noticed a two-headed ogre
 10572 | D:11     | Killed a two-headed ogre
 10573 | D:11     | Reached skill level 10 in Fighting
 10574 | D:11     | Noticed a two-headed ogre
 10581 | D:11     | Killed a two-headed ogre
 10745 | D:11     | Reached skill level 5 in Invocations
 10747 | D:11     | Noticed Grum
 10755 | D:11     | Killed Grum
 10827 | D:11     | Identified the +9 long sword "Pirphemn" {speed, Str+5}
 11262 | D:12     | Noticed a two-headed ogre
 11302 | D:12     | Noticed a boulder beetle
 11307 | D:12     | Killed a two-headed ogre
 11308 | D:12     | Reached skill level 5 in Armour
 11311 | D:12     | Killed a boulder beetle
 11312 | D:12     | Reached XP level 13. HP: 72/97 MP: 0/0
 11312 | D:12     | Learned a level 5 spell: Fireball
 11563 | D:12     | Found a portal to a secret trove of treasure.
 11612 | D:12     | Reached **** piety under Qazlal
 11626 | D:12     | Gained mutation: You possess an exceptional clarity of
                  | mind. [hidden potential]
 11694 | D:12     | Found a staircase to the Orcish Mines.
 11869 | D:13     | Noticed a vault guard
 11873 | D:13     | Noticed a vault guard
 11875 | D:13     | Noticed a vault guard
 11877 | D:13     | Noticed a vault guard
 11879 | D:13     | Killed a vault guard
 11879 | D:13     | Noticed a vault guard
 11879 | D:13     | Noticed a vault guard
 11918 | D:13     | Killed a vault guard
 11918 | D:13     | Killed a vault guard
 11973 | D:13     | Killed a vault guard
 11973 | D:13     | Killed a vault guard
 11974 | D:13     | Reached skill level 11 in Fighting
 11975 | D:13     | Killed a vault guard
 12035 | D:13     | Noticed a vault guard
 12037 | D:13     | Noticed a vault guard
 12042 | D:13     | Killed a vault guard
 12049 | D:13     | Killed a vault guard
 12074 | D:13     | Found a gate to the Vaults.
 12623 | D:14     | Noticed a centaur warrior
 12636 | D:14     | Killed a centaur warrior
 12739 | D:14     | Noticed a centaur warrior
 12744 | D:14     | Killed a centaur warrior
 12745 | D:14     | Reached XP level 14. HP: 74/105 MP: 0/0
 12752 | D:14     | Reached skill level 5 in Shields
 13023 | D:14     | Noticed Frances
 13031 | D:14     | Gained mutation: You expend health (3 HP) to strengthen
                  | your wands. [hidden potential]
 13031 | D:14     | Lost mutation: You have hidden genetic potential. [hidden
                  | potential expressed]
 13035 | D:14     | Killed Frances
 13301 | D:15     | Entered Level 15 of the Dungeon
 13330 | D:15     | Noticed Jorgrun
 13340 | D:15     | Killed Jorgrun
 13386 | D:15     | Reached skill level 5 in Short Blades
 13481 | D:15     | Reached skill level 10 in Spellcasting
 13530 | D:15     | Reached skill level 12 in Fighting
 13770 | D:15     | Noticed a stone giant
 13778 | D:15     | Killed a stone giant
 13858 | D:15     | Reached ***** piety under Qazlal
 13867 | D:15     | Found a staircase to the Depths.
 13927 | D:15     | Reached skill level 10 in Dodging
 13927 | D:15     | Noticed a stone giant
 13935 | D:15     | Killed a stone giant
 14407 | Lair:1   | Entered Level 1 of the Lair of Beasts
 14417 | Lair:1   | Reached XP level 15. HP: 112/112 MP: 0/0
 14417 | Lair:1   | Learned a level 6 spell: Dispersal
 14663 | Lair:1   | Identified the +9 shortbow "Orb Guardian's Doom"
                  | {antimagic, Int+6 Dex+6}
 14738 | Lair:1   | Identified the +0 helmet "Yzanobriexu" {rC+}
 15436 | Lair:2   | Noticed Gastronok
 15459 | Lair:2   | Killed Gastronok
 15460 | Lair:2   | Reached skill level 1 in Ranged Weapons
 16150 | Lair:3   | Found a staircase to the Snake Pit.
 16233 | Lair:3   | Reached skill level 13 in Fighting
 16518 | Lair:3   | Found a staircase to the Shoals.
 17170 | Lair:4   | Noticed Kirke
 17177 | Lair:4   | Killed Kirke
 17202 | Lair:4   | Reached ****** piety under Qazlal
 17240 | Lair:4   | Reached XP level 16. HP: 116/121 MP: 0/0
 17272 | Lair:4   | Found a staircase to the Slime Pits.
 17375 | Lair:4   | Noticed Snorg
 17391 | Lair:4   | Killed Snorg
 17946 | Lair:4   | Found a runed translucent door.
 18225 | Lair:5   | Entered Level 5 of the Lair of Beasts
 18777 | Lair:5   | Reached skill level 5 in Ranged Weapons
 19562 | Shoals:1 | Entered Level 1 of the Shoals
 19622 | Shoals:1 | Reached skill level 14 in Fighting
 19768 | Shoals:1 | Reached XP level 17. HP: 58/129 MP: 0/0
 19768 | Shoals:1 | Learned a level 7 spell: Dragon Form
 20787 | Shoals:2 | Upgraded the game from 0.30.0-18-gc0e69614cb to
                  | 0.30.0-19-g36f170ea60
 21234 | Shoals:2 | Paralysed by a great orb of eyes for 5 turns
 21265 | Shoals:2 | Identified the ring "Oxoc" {Ice Str+2 Int+6 Dex-4}
 21272 | Shoals:2 | Noticed a tentacled monstrosity
 21282 | Shoals:2 | Killed a tentacled monstrosity
 21303 | Shoals:2 | Noticed a kraken
 21315 | Shoals:2 | Killed a kraken
 22109 | Shoals:3 | Noticed Ilsuiw
 22118 | Shoals:3 | Killed Ilsuiw
 22185 | Shoals:3 | Reached skill level 15 in Fighting
 22320 | Shoals:3 | Noticed a kraken
 22332 | Shoals:3 | Killed a kraken
 22333 | Shoals:3 | Reached XP level 18. HP: 138/138 MP: 0/0
 22988 | Shoals:4 | Entered Level 4 of the Shoals
 23238 | Shoals:4 | Identified the +3 chain mail of Riwoku {rElec rC+++ Slay-5
                  | SInv}
 23263 | Shoals:4 | Reached skill level 10 in Invocations
 23498 | Shoals:4 | Reached skill level 10 in Armour
 24118 | Shoals:4 | Got a barnacled rune of Zot
 24218 | Snake:1  | Entered Level 1 of the Snake Pit
 24312 | Snake:1  | Identified the +4 scale mail of the Boiling Point {Rampage
                  | rC- Will+++ Str-3}
 24331 | Snake:1  | Identified the +5 flail of Cest {protect, *Rage rN++ Dex+2
                  | Stlth+}
 24649 | Snake:1  | Reached XP level 19. HP: 94/145 MP: 0/0
 24649 | Snake:1  | Learned a level 6 spell: Starburst
 24780 | Snake:2  | Noticed Donald
 24784 | Snake:2  | Killed Donald
 24792 | Snake:2  | Reached skill level 16 in Fighting
 25294 | Snake:2  | Noticed Vashnia
 25562 | Snake:2  | Killed Vashnia
 25873 | Snake:2  | Found Vecroupu's Jewellery Boutique.
 25873 | Snake:2  | Found Tuhib's Book Shoppe.
 25874 | Snake:2  | Found Vomotrim's Book Shoppe.
 26521 | Snake:3  | Noticed Louise
 26532 | Snake:3  | Killed Louise
 27507 | Snake:4  | Entered Level 4 of the Snake Pit
 27820 | Snake:4  | Reached XP level 20. HP: 108/153 MP: 0/0
 27955 | Snake:4  | Reached skill level 10 in Ranged Weapons
 28302 | Snake:4  | Reached skill level 17 in Fighting
 28374 | Snake:4  | Found Waewel's Assorted Antiques.
 28382 | Snake:4  | Bought a distressingly furry leather armour for 231 gold
                  | pieces
 28382 | Snake:4  | Identified the +1 leather armour of Xothum {Stlth+} (You
                  | bought it in a shop on level 4 of the Snake Pit)
 28382 | Snake:4  | Bought a potion of heal wounds for 165 gold pieces
 28857 | Snake:4  | Got a serpentine rune of Zot
 29269 | Orc:1    | Entered Level 1 of the Orcish Mines
 29403 | Orc:2    | Entered Level 2 of the Orcish Mines
 29403 | Orc:2    | Found a staircase to the Elven Halls.
 29594 | Orc:2    | Noticed Saint Roka
 29611 | Orc:2    | Killed Saint Roka
 29760 | Orc:2    | Found Biuga's Antique Weapon Emporium.
 29777 | Orc:2    | Found Ilem's General Store.
 29784 | Orc:2    | Bought a phantom mirror for 520 gold pieces
 29970 | Orc:2    | Found a runed translucent gate.
 29970 | Orc:2    | Identified the +10 storm dragon scales "Qaasch" {rElec
                  | Stlth+}
 29970 | Orc:2    | Noticed Loveship's ghost (journeyman DsCA)
 29971 | Orc:2    | Found a runed translucent gate.
 29971 | Orc:2    | Identified the +10 trident of the Usurping Gods {freeze,
                  | Drain Str+4 SInv}
 29972 | Orc:2    | Found a runed translucent gate.
 29973 | Orc:2    | Identified the +1 chain mail of Fallacy {Will+ Str-2 Int+4
                  | Dex+3}
 30012 | Orc:2    | Found Siynu's Antique Armour Emporium.
 30036 | Orc:2    | Found Awic Omp's Book Emporium.
 30380 | Orc:2    | Killed Loveship's ghost
 30709 | Slime:1  | Entered Level 1 of the Pits of Slime
 31015 | Slime:1  | Gained mutation: You have a pair of small horns on your
                  | head. [a shining eye]
 31016 | Slime:1  | Gained mutation: Potions are less effective at restoring
                  | your health. [a shining eye]
 31466 | Slime:2  | Gained mutation: You have a pair of horns on your head. [a
                  | shining eye]
 31479 | Slime:2  | Reached XP level 21. HP: 72/161 MP: 0/0
 31479 | Slime:2  | Learned a level 7 spell: Malign Gateway
 32842 | Slime:4  | Slain by a rockslime

Illustrated notes

Levels and vault maps discovered:
D:1:      scummos_arrival_checkerplants, layout_basic,
          ebering_ecumenical_altar_rust, minmay_pentomino_v4
D:2:      layout_rooms
D:3:      layout_basic, mainiacjoe_overflow_24_doors, grunt_gozag_breadcrumbs,
          minmay_misc_feat_nine_boxes, uniq_sigmund
D:4:      dreamdust_elfheim, layout_rooms, lemuel_doored_altar,
          nicolae_dithmenos_shadow_blocks, dreamdust_mushroom_princess
D:5:      layout_loops_corners, minmay_temple_entry_grid
D:6:      layout_basic, lemuel_crystal_altar
D:7:      layout_rooms, kennysheep_okawaru_gauntlet,
          grunt_temple_overflow_cloverleaf, uniq_pikel
D:8:      layout_loops_corners, chequers_temple_overflow_minitemple,
          serial_shops, shop, nicolae_concentric_dashed_squares_wild,
          minmay_hollow_rounded_squares, uniq_psyche
D:9:      layout_basic, lair_entry_dummy, corexii_corridor_pit
D:10:     minmay_slanted_spiral_squares, layout_cave_pools,
          lemuel_coloured_pillars_altar, kennysheep_crisscross, chequers_garden,
          uniq_fannar, uniq_urug
D:11:     layout_long_grid, uniq_grum
D:12:     layout_cross, orc_0_dummy, enter_trove_6, kennysheep_generic_room_5
D:13:     layout_roguey, erik_vaults_2, eino_small_chamber_without_monster
D:14:     layout_basic, minmay_door_square, uniq_frances
D:15:     hangedman_depths_entry_civil_slaughter, layout_basic,
          nicolae_splish_splash, uniq_jorgrun
Temple:   nicolae_temple_ecumenical_triangle
Lair:1:   layout_cellular_growth, infiniplex_staircase_pool_2
Lair:2:   layout_long_grid, serial_bayou, serial_bayou_lagoon_b,
          serial_bayou_shore_b, serial_bayou_pond_b, serial_bayou_shore_b,
          serial_bayou_shore_a, uniq_gastronok
Lair:3:   layout_gridlike, elwin_shoals_entry_stream,
          minmay_snake_entry_six_corridors, serial_bayou_pond_d
Lair:4:   nzn_winding_woodlands_three_and_one
          [nzn_winding_woodlands_5x15_crooked, nzn_winding_woodlands_5x15_eye,
          nzn_winding_woodlands_5x15_cabin, nzn_winding_woodlands_center_lodge],
          layout_misc_corridors, slime_entry_1, pf_torpor_hydra, uniq_snorg,
          uniq_kirke
Lair:5:   gammafunk_lair_ancient_temple, layout_regular_city
Shoals:1: layout_shoals
Shoals:2: dreamdust_from_the_deep, layout_shoals, st_sunken_huts
Shoals:3: layout_shoals, uniq_ilsuiw
Shoals:4: shoals_end_grunt_ice, layout_shoals
Snake:1:  layout_cave_shapes
Snake:2:  layout_onion, grunt_megastairs_4, minmay_shop_grove,
          serial_bayou_shore_b, uniq_vashnia, uniq_donald
Snake:3:  layout_layer_cave, uniq_louise
Snake:4:  grunt_snake_rune_pools, layout_misc_corridors, serial_shops,
          nicolae_square_shop, nicolae_snake_salamander_zone
Slime:1:  layout_caves, nicolae_slime_barrier
Slime:2:  cheibrodos_slime_lost_civilization_1, layout_caves
Slime:3:  layout_caves, nicolae_slime_getting_an_eyeful
Slime:4:  layout_caves
Orc:1:    layout_caves
Orc:2:    grunt_orc_cross, layout_caves, basic_altar,
          biasface_ghost_orc_armoury, hangedman_minor_magic

Skill      XL: |  1  2  3  4  5  6  7  8  9 10 11 12 13 14 15 16 17 18 19 20 |
---------------+-------------------------------------------------------------+-----
Stealth        | 2 3 4 5 6 7 8 |  8.4
Fighting       | 1 2 3 4 5 7 8 9 10 11 12 13 14 15 16 17 | 17.8
Dodging        | 3 4 5 6 7 8 9 10 11 12 13 14 | 14.2
Spellcasting   | 4 5 6 7 8 9 10 11 12 13 14 | 14.5
Staves         | 2 |  2.9
Armour         | 2 4 5 6 7 8 9 10 11 | 11.8
Invocations    | 2 4 5 6 7 8 9 10 | 10.3
Short Blades   | 1 3 4 5 |  5.6
Shields        | 1 3 4 5 6 |  6.1
Ranged Weapons | 3 5 7 8 9 11 | 11.3

Action                     |  1- 3 |  4- 6 |  7- 9 | 10-12 | 13-15 | 16-18 | 19-21 || total
---------------------------+-------+-------+-------+-------+-------+-------+-------++-------
  Melee: Staff             |       |     3 |    13 |    35 |    37 |       |       ||    88
         Short sword       |       |       |       |    16 |       |       |       ||    16
         Unarmed           |       |       |       |       |       |    28 |    62 ||    90
         Tailslap          |       |       |       |       |       |     9 |    16 ||    25
         Punch             |       |       |       |       |       |     1 |     4 ||     5
         Bite              |       |       |       |       |       |     2 |    12 ||    14
         Long sword        |       |       |       |       |       |       |    41 ||    41
         Headbutt          |       |       |       |       |       |       |    15 ||    15
   Fire: Shortbow          |       |       |       |       |   223 |   583 |   533 ||  1339
   Cast: Magic Dart        |    72 |    72 |    96 |    40 |    81 |     6 |    35 ||   402
         Searing Ray       |     1 |     5 |     8 |     3 |     1 |       |       ||    18
         Fulminant Prism   |       |     3 |     3 |    15 |    38 |     1 |    10 ||    70
         Scorch            |       |     2 |     4 |    47 |    23 |     7 |       ||    83
         Vampiric Draining |       |       |    58 |   103 |       |     7 |    13 ||   181
         Slow              |       |       |     1 |     5 |     3 |     1 |     1 ||    11
         Olgreb's Toxic Ra |       |       |     9 |    36 |    81 |    73 |    67 ||   266
         Iskenderun's Myst |       |       |       |    20 |   119 |   146 |   147 ||   432
         Dazzling Flash    |       |       |       |     1 |     1 |       |     2 ||     4
         Lee's Rapid Decon |       |       |       |     6 |    21 |    15 |    36 ||    78
         Fireball          |       |       |       |       |    24 |    90 |    54 ||   168
         Dispersal         |       |       |       |       |     7 |     5 |     1 ||    13
         Dragon Form       |       |       |       |       |       |     3 |     6 ||     9
         Starburst         |       |       |       |       |       |       |    44 ||    44
         Malign Gateway    |       |       |       |       |       |       |     1 ||     1
 Invoke: Elemental Force   |       |       |       |       |       |     1 |     1 ||     2
         Upheaval          |       |       |       |       |       |     1 |       ||     1
Ability: Breathe Fire      |       |       |       |       |       |     3 |     1 ||     4
    Use: Scroll            |       |     4 |     7 |    12 |    10 |     5 |     2 ||    40
         Potion            |       |       |     1 |     1 |       |     3 |     2 ||     7
   Stab: Sleeping          |       |     1 |       |       |       |       |       ||     1
 Armour: Robe              |     1 |       |    10 |     9 |       |       |       ||    20
         Troll leather arm |       |       |       |    12 |    25 |    58 |    30 ||   125
         Skin              |       |       |       |       |       |    12 |    16 ||    28
  Dodge: Dodged            |     5 |     7 |    40 |    99 |    60 |   261 |   181 ||   653
         Repelled          |       |       |       |       |     4 |    18 |    23 ||    45
  Block: Other             |       |       |    10 |    69 |    56 |   213 |   186 ||   534
         Reflection        |       |       |     2 |     5 |    26 |    38 |    86 ||   157
         Kite shield       |       |       |       |       |    82 |       |       ||    82
         Tower shield      |       |       |       |       |       |       |    54 ||    54
